 Dungeon Crawl Stone Soup version 0.29.0-11-gd7f09526c8 (webtiles) character file.

Game seed: 15302229953592065117

41 Powertoast the Sneak (level 3, -2/16 HPs)
             Began as a Vine Stalker Enchanter on Sept 3, 2022.
             Slain by Sigmund
             ... wielding a +0 scythe
              (9 damage)
             ... on level 2 of the Dungeon.
             The game lasted 00:05:26 (1734 turns).

Powertoast the Sneak (Vine Stalker Enchanter)       Turns: 1734, Time: 00:05:27

Health: -2/16      AC:  2    Str: 10    XL:     3   Next: 52%
Magic:  0/7        EV: 12    Int: 17    God:
Gold:   32         SH:  0    Dex: 14    Spells: 5/7 levels left

rFire   . . .      SeeInvis .   a - +1 dagger
rCold   . . .      Faith    .   (no shield)
rNeg    . . .      Spirit   +   b - +0 robe
rPois   .          Reflect  .   (no helmet)
rElec   .          Harm     .   (no cloak)
rCorr   .          Rampage  .   (no gloves)
Will    .....                   (no boots)
Stlth   +++.......              (no amulet)
HPRegen 0.05/turn               (no ring)
MPRegen 0.10/turn               (no ring)

@: no status effects
A: fangs 2, magic shield, antimagic bite, no potion heal 2
a: no special abilities


You were on level 2 of the Dungeon.
You visited 1 branch of the dungeon, and saw 2 of its levels.

You collected 32 gold pieces.

Inventory:

Hand Weapons
 a - a +1 dagger (weapon)
 k - a +0 rapier
Armour
 b - a +0 robe (worn)
 j - a +0 leather armour
Jewellery
 i - a ring of flight
Scrolls
 d - a scroll of acquirement {unknown}
 e - a scroll of identify {unknown}
 f - 2 scrolls of blinking {unknown}
Potions
 c - 4 potions of invisibility
 g - 2 potions of lignification {unknown}
 h - a potion of heal wounds {unknown}


   Skills:
 + Level 1.4 Short Blades
 - Level 1.5 Dodging
 * Level 4.5 Stealth
 + Level 2.6 Spellcasting
 + Level 3.3 Hexes


You had 5 spell levels left.
You knew the following spells:

 Your Spells              Type           Power      Damage    Failure   Level
a - Ensorcelled Hibernat  Hex/Ice        14%        N/A       14%         2

Your spell library contained the following spells:

 Spells                   Type           Power      Damage    Failure   Level
 Confusing Touch          Hex            13%        N/A       14%         3
 Tukima's Dance           Hex            13%        N/A       14%         3
 Dazzling Flash           Conj/Hex       14%        N/A       28%         3


Dungeon Overview and Level Annotations

Branches:
Dungeon (2/15)

Altars:

Annotations:
D:2 Sigmund


Innate Abilities, Weirdness & Mutations

You have extremely sharp teeth.
When hurt, damage is shared between your health and your magic reserves.
Your bite disrupts and absorbs the magic of your enemies.
Potions cannot restore your health.


Message History

The giant cockroach bites you.
You closely miss the giant cockroach.
The giant cockroach is severely wounded.
The giant cockroach bites you but does no damage.
A hobgoblin comes into view.
The hobgoblin shouts!
You hit the giant cockroach.
You kill the giant cockroach!
You hear a shout! x3
Sigmund the Dreaded comes into view.
He is wielding a +0 scythe.
Casting: Ensorcelled Hibernation (safe; 14% risk of failure)
Confirm with . or Enter, or press ? or * to list all spells.
Aiming: Ensorcelled Hibernation (safe; 14% risk of failure)
Press: ? - help, Shift-Dir - straight line, f - goblin
Aim: a goblin, wielding a +0 dagger (chance to affect: 58%)
Okay, then.
You hit the goblin.
The goblin is severely wounded.
The goblin hits you but does no damage.
Sigmund hits you from afar with a +0 scythe.
You hit the goblin but do no damage.
The goblin is severely wounded.
The goblin closely misses you. Sigmund closely misses you.
You hit the goblin.
You kill the goblin!
Casting: Ensorcelled Hibernation (safe; 14% risk of failure)
Confirm with . or Enter, or press ? or * to list all spells.
Okay, then.
You hit the frilled lizard.
You kill the frilled lizard!
Sigmund hits you from afar with a +0 scythe.
You hit the goblin.
You kill the goblin!
You hit the hobgoblin.
The hobgoblin is moderately wounded.
Sigmund hits you from afar with a +0 scythe!
The hobgoblin barely misses you.
Sigmund hits you from afar with a +0 scythe!
Ouch! That really hurt!
You die...

..:. #......
#...... #....>.
#...... #####.#
#......####+#@....#
..........@g######
###...:..gg+
###.#....g.#
#....$###+##
#..)..# ...........
####.#.......
...#....ggg.#


You could see Sigmund, 2 hobgoblins and 2 goblins.

Vanquished Creatures
  2 dart slugs (D:1)
  4 ball pythons
  6 bats (D:1)
  3 endoplasms (D:1)
  3 giant cockroaches
  5 goblins
  A hobgoblin (D:1)
  3 jackals (D:1)
  3 frilled lizards
  A kobold (D:1)
  2 rats (D:1)
33 creatures vanquished.

Notes
Turn   | Place    | Note
-------+----------+-------------------------------------------
     0 | D:1      | Powertoast the Vine Stalker Enchanter began the quest for
                  | the Orb.
     0 | D:1      | Reached XP level 1. HP: 9/9 MP: 4/4
    37 | D:1      | Reached skill level 1 in Short Blades
   171 | D:1      | Reached XP level 2. HP: 11/13 MP: 6/6
   238 | D:1      | Reached skill level 4 in Stealth
   715 | D:1      | Learned a level 2 spell: Ensorcelled Hibernation
   764 | D:1      | Reached XP level 3. HP: 12/16 MP: 5/7
  1727 | D:2      | Noticed Sigmund
  1734 | D:2      | Slain by Sigmund

Illustrated notes

Levels and vault maps discovered:
D:1:      tarquinn_simple_flora_water_e, layout_basic,
          ebering_dispersal_statue_hall
D:2:      layout_basic, basic_altar, ebering_ecumenical_altar_box,
          uniq_crazy_yiuf_cottage, uniq_robin, uniq_sigmund, uniq_jessica

Skill      XL: |  1  2 |
---------------+-------+-----
Short Blades   | 1 |  1.4
Stealth        | 4 |  4.5
Dodging        | |  1.5
Spellcasting   | |  2.6
Hexes          | |  3.3

Action                   || total
-------------------------++-------
Melee: Dagger            ||   109
       Bite              ||    23
       Punch             ||     2
 Stab: Sleeping          ||     6
Armor: Robe              ||    40
Dodge: Dodged            ||    88
